 Dungeon Crawl Stone Soup version 0.22.0-49-gab54619674 (webtiles) character file.

46 JedernureinKreuz the Conjurer (level 3, -4/25 HPs)
             Began as a Gnoll Conjurer on Sept 8, 2018.
             Slain by a howler monkey (6 damage)
             ... on level 4 of the Dungeon.
             The game lasted 00:05:30 (977 turns).

JedernureinKreuz the Conjurer (Gnoll Conjurer)       Turns: 977, Time: 00:05:32

Health: -4/25      AC:  4    Str: 10    XL:     3   Next: 68%
Magic:  17/18      EV: 14    Int: 18    God:
Gold:   79         SH:  0    Dex: 15    Spells: 11/12 levels left

rFire    . . .     SeeInvis .   k - +0 dagger
rCold    . . .     Gourm    .   (no shield)
rNeg     . . .     Faith    +   a - +0 robe
rPois    .         Spirit   .   (no helmet)
rElec    .         Reflect  .   (no cloak)
rCorr    .         Harm     .   q - +1 pair of gloves
MR       .....                  (no boots)
Stlth    +++.......             n - amulet of faith
HPRegen  0.08/turn              g - ring of magical power
MPRegen  0.16/turn              (no ring)

@: no status effects
A: distributed training, fangs 1, strong nose
a: no special abilities


You were on level 4 of the Dungeon.
You were not hungry.

You visited 1 branch of the dungeon, and saw 3 of its levels.

You collected 79 gold pieces.

Inventory:

Hand Weapons
 i - a cursed -3 club
 k - a +0 dagger (weapon)
Missiles
 d - 50 arrows
 j - 37 stones (quivered)
Armour
 a - a +0 robe (worn)
 q - a +1 pair of gloves (worn)
Jewellery
 g - a ring of magical power (left hand)
 n - an amulet of faith (around neck)
Scrolls
 e - 2 scrolls of immolation {unknown}
 f - a scroll of fog {unknown}
 l - 3 scrolls of magic mapping {unknown}
 m - 2 scrolls of amnesia {unknown}
 s - a scroll of teleportation {unknown}
 t - a scroll of remove curse {unknown}
Potions
 b - a potion of heal wounds {unknown}
 h - 2 potions of might {unknown}
 o - a potion of haste {unknown}
 p - a potion of mutation {unknown}
 r - a potion of curing {unknown}
Comestibles
 c - 4 rations


   Skills:
 + Level 0.9 Fighting
 + Level 0.9 Short Blades
 + Level 0.9 Long Blades
 + Level 0.9 Axes
 + Level 0.9 Maces & Flails
 + Level 0.9 Polearms
 + Level 0.9 Staves
 + Level 0.9 Slings
 + Level 0.9 Bows
 + Level 0.9 Crossbows
 + Level 0.9 Throwing
 + Level 0.9 Armour
 + Level 4.5 Dodging
 + Level 4.2 Stealth
 + Level 0.9 Shields
 + Level 0.9 Unarmed Combat
 + Level 5.0 Spellcasting
 + Level 7.1 Conjurations
 + Level 0.6 Hexes
 + Level 0.6 Charms
 + Level 0.6 Summonings
 + Level 0.6 Necromancy
 + Level 0.6 Translocations
 + Level 0.6 Transmutations
 + Level 0.6 Fire Magic
 + Level 0.6 Ice Magic
 + Level 0.6 Air Magic
 + Level 0.6 Earth Magic
 + Level 0.6 Poison Magic
 + Level 1.0 Invocations
 + Level 0.9 Evocations


You had 11 spell levels left.
You knew the following spells:

 Your Spells              Type           Power        Failure   Level  Hunger
a - Magic Dart            Conj           ####         1%          1    None

Your spell library contained the following spells:

 Spells                   Type           Power        Failure   Level  Hunger
 Searing Ray              Conj           ####..       1%          2    #......
 Iskenderun's Mystic Bla  Conj           ####....     7%          4    ####...
 Dazzling Spray           Conj/Hex       ###...       9%          3    ##.....
 Force Lance              Conj/Tloc      ###.....     26%         4    ####...
 Fulminant Prism          Conj/Hex       ###.......   26%         4    ####...


Dungeon Overview and Level Annotations

Branches:
Dungeon (2/15)

Altars:


Innate Abilities, Weirdness & Mutations

Your experience applies equally to all skills.
You have very sharp teeth.
Your uncanny sense of smell can sniff out nearby items.


Message History

You hit the adder.
The adder is lightly wounded.
The hound bites you.
* * * LOW HITPOINT WARNING * * *
The worker ant barely misses you. The adder closely misses you.
The adder misses you.
A quokka skeleton comes into view.
The howler monkey barely misses you. The hound misses you.
Casting: Magic Dart (safe; 1% risk of failure)
Confirm with . or Enter, or press ? or * to list all spells.
Aiming: Magic Dart (safe; 1% risk of failure)
Press: ? - help, Shift-Dir - straight line, f - adder
Aim: an adder The magic dart hits the adder.
The worker ant barely misses you. The adder closely misses you.
The adder bites you.
* * * LOW HITPOINT WARNING * * *
The hound bites you.
* * * LOW HITPOINT WARNING * * *
The howler monkey hits you.
You die...

#..# ∆ ...# ...# ..[#
..$# #
...###############.# ∆
#.###......##...$#.###$.
...............Sha...Z..
#..............h@##.#...
#####......####S##
#......# #.# ∆ #......#
#.# ######## #.# #.# #.#
#.


You could see a howler monkey, a hound, a worker ant, 2 adders and a quokka
skeleton.

Vanquished Creatures
  An adder (D:2)
  2 dart slugs
  4 bats
  2 giant cockroaches
  5 goblins
  5 hobgoblins (D:1)
  3 jackals (D:2)
  3 frilled lizards
  4 kobolds (D:1)
29 creatures vanquished.

Notes
Turn   | Place    | Note
-------+----------+-------------------------------------------
     0 | D:1      | JedernureinKreuz the Gnoll Conjurer began the quest for the
                  | Orb.
     0 | D:1      | Reached XP level 1. HP: 13/13 MP: 6/6
   246 | D:1      | Reached XP level 2. HP: 18/19 MP: 7/7
   719 | D:2      | Reached XP level 3. HP: 25/25 MP: 9/9
   725 | D:2      | Reached skill level 5 in Spellcasting
   769 | D:2      | Reached skill level 1 in Invocations
   951 | D:2      | You fall through a shaft for 2 floors!
   977 | D:4      | Slain by a howler monkey

Skill      XL: |  1  2  3 |
---------------+----------+-----
Spellcasting   | 5 |  5.0
Invocations    | 1 |  1.0
Fighting       | |  0.9
Short Blades   | |  0.9
Long Blades    | |  0.9
Axes           | |  0.9
Maces & Flails | |  0.9
Polearms       | |  0.9
Staves         | |  0.9
Slings         | |  0.9
Bows           | |  0.9
Crossbows      | |  0.9
Throwing       | |  0.9
Armour         | |  0.9
Dodging        | |  4.5
Stealth        | |  4.2
Shields        | |  0.9
Unarmed Combat | |  0.9
Conjurations   | |  7.1
Hexes          | |  0.6
Charms         | |  0.6
Summonings     | |  0.6
Necromancy     | |  0.6
Translocations | |  0.6
Transmutations | |  0.6
Fire Magic     | |  0.6
Ice Magic      | |  0.6
Air Magic      | |  0.6
Earth Magic    | |  0.6
Poison Magic   | |  0.6
Evocations     | |  0.9

Action                   || total
-------------------------++-------
Melee: Dagger            ||     2
 Cast: Magic Dart        ||    58
Armor: Robe              ||     6
Dodge: Dodged            ||    16
